AoeStats
← Cuervo

Arabia

507392961Analyzed
3v3 RM · 14d ago on Sep 18, 2026· 71m 10s· 6 players
Game mode
Random Map
Map size
Normal (6 player)
Population
200
Speed
Normal
Resources
Standard
Victory
Conquest
Starting age
Dark Age
Ending age
Imperial Age
RankedLock teamsTeams togetherTeam positionsShared explorationLock speedFull tech treeHidden civsTurbo modeCheats
Victory
Defeat
🇨🇱 Persians · Chile
1093
+13
🇦🇷 Georgians · Argentina
1025
+16
🇦🇷 Aztecs · Argentina
995
+17
🇺🇸 Bohemians · United States
1085
-18
🇺🇸 Byzantines · United States
990
-14
🇺🇸 Mongols · United States
986
-14
jussilliman
10:11 Feudal Age
18:40 Castle Age
20:59 Chemistry
20:00 Loom
21:09 Horse Collar
21:36 Padded Archer Armor
24:35 Squires
25:24 Pikeman
28:12 Leather Archer Armor
27:48 Fletching
49:59 Bodkin Arrow
57:23 Imperial Age
60:11 Heavy Plow
67:08 Halberdier
Blondie
11:20 Feudal Age
9:36 Loom
16:06 Castle Age
14:39 Horse Collar
22:39 Double-Bit Axe
24:03 Bloodlines
24:55 Gold Mining
24:55 Stone Mining
26:19 Wheelbarrow
26:58 Scale Barding Armor
28:02 Bloodlines
30:13 Husbandry
30:44 Elite Skirmisher
32:46 Heavy Plow
33:23 Forging
36:17 Fletching
38:28 Town Watch
45:01 Imperial Age
42:51 Hand Cart
42:58 Padded Archer Armor
45:55 Town Patrol
46:22 Parthian Tactics
46:22 Parthian Tactics
46:04 Thumb Ring
45:22 Heavy Camel Rider
46:03 Bodkin Arrow
48:24 Conscription
47:32 Capped Ram
49:11 Siege Ram
51:05 Drill
51:35 Ballistics
52:15 Chemistry
66:58 Bow Saw
68:22 Murder Holes
68:12 Light Cavalry
69:37 Masonry
Get Rich @ Hex.com
1:32 Loom
3:34 Loom
12:45 Feudal Age
14:59 Fletching
23:21 Castle Age
24:11 Double-Bit Axe
26:39 Horse Collar
35:56 Scale Barding Armor
37:23 Husbandry
40:22 Chain Barding Armor
39:58 Light Cavalry
46:55 Wheelbarrow
47:00 Gold Mining
48:19 Heavy Plow
51:12 Forging
53:40 Iron Casting
57:48 Imperial Age
57:59 Elite Skirmisher
58:37 Bodkin Arrow
63:36 Heavy Camel Rider
CasquetE
6:27 Loom
10:02 Feudal Age
10:55 Double-Bit Axe
10:55 Man-at-Arms
20:22 Castle Age
19:38 Padded Archer Armor
19:46 Scale Mail Armor
20:00 Gold Mining
20:44 Forging
21:11 Eagle Warrior
21:52 Squires
25:06 Bow Saw
25:23 Elite Skirmisher
29:58 Fletching
30:09 Padded Archer Armor
34:10 Ballistics
33:46 Murder Holes
34:13 Bodkin Arrow
34:46 Town Watch
35:39 Wheelbarrow
35:17 Stone Mining
38:57 Imperial Age
38:35 Murder Holes
55:18 Gold Shaft Mining
56:11 Leather Archer Armor
58:14 Chemistry
59:53 Conscription
61:24 Fervor
61:30 Redemption
64:42 Atlatl
66:40 Block Printing
68:25 Hand Cart
69:23 Garland Wars
68:27 Elite Eagle Warrior
69:31 Chain Mail Armor
69:17 Bracer
VZ | Thyrfing
7:20 Loom
10:41 Feudal Age
13:04 Double-Bit Axe
20:08 Horse Collar
25:43 Castle Age
25:44 Gold Mining
25:32 Crossbowman
30:22 Scale Barding Armor
30:28 Forging
34:06 Chain Barding Armor
34:22 Iron Casting
36:51 Bloodlines
36:44 Husbandry
37:34 Heavy Plow
38:40 Fletching
38:50 Padded Archer Armor
39:49 Bow Saw
40:29 Wheelbarrow
42:52 Hand Cart
42:51 Stone Mining
43:42 Gold Shaft Mining
49:58 Stone Shaft Mining
53:00 Imperial Age
51:53 Scale Mail Armor
51:50 Bodkin Arrow
52:10 Leather Archer Armor
52:52 Cavalier
54:09 Ballistics
54:50 Chemistry
54:30 Plate Barding Armor
54:56 Blast Furnace
55:12 Kamandaran
57:25 Savar
61:05 Light Cavalry
63:38 Ring Archer Armor
Cuervo
6:58 Loom
9:09 Feudal Age
10:15 Double-Bit Axe
22:37 Castle Age
21:23 Gold Mining
21:54 Fletching
22:18 Bloodlines
25:06 Bodkin Arrow
30:06 Husbandry
32:05 Wheelbarrow
33:45 Hand Cart
33:47 Town Watch
34:20 Bow Saw
34:03 Stone Mining
34:50 Light Cavalry
39:53 Imperial Age
38:49 Ballistics
38:41 Masonry
41:38 Chemistry
40:45 Siege Engineers
41:08 Heavy Scorpion
44:35 Architecture
44:38 Pikeman
45:18 Squires
46:18 Elite Skirmisher
47:17 Elite Monaspa
48:18 Conscription
49:19 Halberdier
51:12 Scale Mail Armor
51:23 Forging
59:04 Hussar
62:12 Town Patrol
62:46 Scale Barding Armor
63:18 Iron Casting
63:29 Horse Collar
65:17 Chain Barding Armor
68:30 Heavy Plow
71:14 Aznauri Cavalry
Connection lost

Rejoining the realm…

Still unreachable

The connection could not be restored.

Session expired

The server has moved on; the page needs a fresh start.